 Dungeon Crawl Stone Soup version 0.27-a0-61-g21144fbd99 (webtiles) character file.

Game seed: 16871946295568001311

100 robertstho the Skirmisher (level 4, 0/37 HPs)
             Began as a Demonspawn Abyssal Knight on Jan 8, 2021.
             Was a Believer of Lugonu.
             Succumbed to a kobold's poison
             ... on level 3 of the Dungeon.
             The game lasted 00:02:33 (2311 turns).

robertstho the Skirmisher (DsAK)                    Turns: 2311, Time: 00:02:33

Health: 0/37       AC:  4    Str: 14    XL:     4   Next: 47%
Magic:  6/6        EV: 12    Int: 13    God:    Lugonu [**....]
Gold:   56         SH:  0    Dex: 12    Spells: 3/3 levels left

rFire    + . .     SeeInvis .   c - +2 short sword (venom)
rCold    x . .     Faith    .   (no shield)
rNeg     . . .     Spirit   .   b - +0 leather armour
rPois    .         Reflect  .   k - +0 helmet
rElec    .         Harm     .   (no cloak)
rCorr    .         Rampage  .   (no gloves)
Will     .....                  (no boots)
Stlth    +.........             (no amulet)
HPRegen  0.12/turn              d - ring of fire
MPRegen  0.10/turn              (no ring)

@: lethally poisoned (0 -> -14)
A: hooves 1, sturdy frame 1
a: Renounce Religion, Depart the Abyss, Bend Space


You were on level 3 of the Dungeon.
You worshipped Lugonu.
Lugonu was pleased with you.
You visited 1 branch of the dungeon, and saw 3 of its levels.
You visited the Abyss 1 time.

You collected 56 gold pieces.

Inventory:

Hand Weapons
 a - a +1 hand axe
 c - a +2 short sword of venom (weapon)
Armour
 b - a +0 leather armour (worn)
 g - a +1 chain mail of positive energy
 k - a +0 helmet (worn)
Jewellery
 d - a ring of fire (left hand)
Scrolls
 f - a scroll of remove curse
 i - a scroll of immolation {unknown}
 j - a scroll of magic mapping {unknown}
 n - a scroll of teleportation {unknown}
 o - a scroll of amnesia {unknown}
 p - a scroll of identify {unknown}
Potions
 e - a potion of flight


   Skills:
 * Level 4.2 Fighting
 + Level 2.5 Axes
 + Level 1.9 Armour
 + Level 1.5 Dodging
 + Level 0.3 Stealth
 * Level 3.1 Invocations


You had 3 spell levels left.
You didn't know any spells.
Your spell library was empty.

Dungeon Overview and Level Annotations

Branches:
Dungeon (3/15)

Altars:
Okawaru
Yredelemnul


Innate Abilities, Weirdness & Mutations

You have large cloven feet.
Your movements are slightly less encumbered by armour. (ER -2)


Message History

* * * LOW HITPOINT WARNING * * *
You feel sick.
Things that are here:
a +2 short sword of venom; 4 stones Your +2 short sword of venom begins to drip with poison!
c - a +2 short sword of venom (weapon)
* * * LOW HITPOINT WARNING * * *
You feel sick.
Okay, then.
As you read the scroll labelled YCOAGR FINEOCU, it crumbles to dust.
The scroll dissolves into smoke.
It was a scroll of fog.
* * * LOW HITPOINT WARNING * * *
You feel sick.
* * * LOW HITPOINT WARNING * * *
You feel sick.
* * * LOW HITPOINT WARNING * * *
You feel sick.
* * * LOW HITPOINT WARNING * * *
You feel sick.
You die...

.# .# .# .#
#............
########.#
#............
#.§§§§§#.#
#.....[......
#§§§§§§#.#
#............
#§§§§§§@.#
#............ #w######
#............ #§#
#............ #§#
######............
##.###.B..#...†S.......
#....B.##S#.....w......
#..###..#..Sg..........
#..###..#############.#
###....#..#......... ..


There were no monsters in sight!

Vanquished Creatures
  A worker ant (D:3)
  3 adders
  2 worms
  A dart slug (D:1)
  2 leopard geckos
  A ball python (D:1)
  3 giant cockroaches
  2 goblins (D:1)
  12 hobgoblins
  4 bats
  4 frilled lizards
  4 kobolds
  5 rats
44 creatures vanquished.

Vanquished Creatures (others)
  2 plants (D:3)
  A withered plant (D:2)
3 creatures vanquished.

Grand Total: 47 creatures vanquished

Notes
Turn   | Place    | Note
-------+----------+-------------------------------------------
     0 | Abyss:1  | robertstho the Demonspawn Abyssal Knight began the quest
                  | for the Orb.
     0 | Abyss:1  | Reached XP level 1. HP: 18/18 MP: 2/2
    87 | Abyss:1  | Found a corrupted altar of Lugonu.
   110 | Abyss:1  | Noticed a large abomination
   111 | D:1      | Escaped the Abyss
   318 | D:1      | Reached * piety under Lugonu
   406 | D:1      | Reached skill level 1 in Dodging
   409 | D:1      | Gained mutation: Your movements are slightly less
                  | encumbered by armour. (ER -2) [demonic ancestry]
   409 | D:1      | Reached XP level 2. HP: 24/24 MP: 3/3
  1352 | D:2      | Found a basalt altar of Yredelemnul.
  1363 | D:2      | Reached skill level 4 in Fighting
  1363 | D:2      | Gained mutation: You have large cloven feet. [demonic
                  | ancestry]
  1363 | D:2      | Reached XP level 3. HP: 29/30 MP: 4/4
  1712 | D:2      | Found an iron altar of Okawaru.
  2269 | D:3      | Reached XP level 4. HP: 37/37 MP: 6/6
  2300 | D:3      | Reached ** piety under Lugonu
  2310 | D:3      | HP: 1/37 [poisoned by a kobold]
  2311 | D:3      | Succumbed to a kobold's poison

Illustrated notes

Levels and vault maps discovered:
D:1:      dpeg_arrival_solitude, layout_loops_corners, hangedman_decor_opposing,
          moated_statue
D:2:      layout_basic, overflow_temple_1_default, amcnicky_mini_pool_small,
          dk_noncrumbling_3, yredelemnul_altar_generic
D:3:      layout_basic, fedhas_ov_isle_minmay

Skill      XL: |  1  2  3 |
---------------+----------+-----
Dodging        | 1 |  1.5
Axes           | 2 |  2.5
Fighting       | 4 |  4.2
Invocations    | 3 |  3.1
Armour         | |  1.9
Stealth        | |  0.3

Action                   |  1- 3 |  4- 6 || total
-------------------------+-------+-------++-------
Melee: Hand axe          |   127 |    10 ||   137
       Kick              |    15 |     2 ||    17
Invok: Depart the Abyss  |     1 |       ||     1
  Use: Potion            |     5 |       ||     5
       Scroll            |       |     3 ||     3
Armor: Leather armour    |    33 |     4 ||    37
Dodge: Dodged            |    91 |    19 ||   110

Table legend: (Time is in decaauts)
 A = Elapsed time spent in this place.
 B = Non-inter-level travel time spent in this place.
 C = Inter-level travel time spent in this place.
 D = Time resting spent in this place.
 E = Time spent auto-exploring this place.
 F = Levels seen in this place.
 G = Mean time per level.
                   A        B        C        D        E       F      G
               +--------+--------+--------+--------+--------+-----+--------+
         Total |   2337 |   2296 |     41 |    115 |   1829 |   4 |  584.2 |
       Dungeon |   2226 |   2185 |     41 |    115 |   1719 |   3 |  742.0 |
         Abyss |    111 |    111 |      0 |      0 |    110 |   1 |  111.0 |
               +--------+--------+--------+--------+--------+-----+--------+

Top non-repeatable levels by time:
     D:1: 1253 daAuts
     D:2: 766 daAuts
     D:3: 206 daAuts
 Abyss:1: 111 daAuts
